 Dungeon Crawl Stone Soup version 0.17-a0-18-gc25b939 (webtiles) character file.

311194 BluebellGnoll the Warrior (level 20, -34/190 (195) HPs)
             Began as a White Draconian Venom Mage on Mar 3, 2015.
             Was the Champion of Okawaru.
             Killed from afar by a fire giant (65 damage)
             ... with a fireball
             ... on level 3 of the Vaults on Mar 6, 2015.
             The game lasted 10:01:13 (74179 turns).

BluebellGnoll the Warrior (DrVM)                   Turns: 74179, Time: 10:01:13

HP:   -34/190 (195) AC: 29    Str: 15    XL:     20   Next: 41%
MP:   30/36         EV: 19    Int: 26    God:    Okawaru [******]
Gold: 1354          SH:  0    Dex: 13    Spells: 9 memorised, 8 levels left

rFire  . . .     SeeInvis .     U - +9 war axe (flame)
rCold  + . .     Clarity  .     (armour unavailable)
rNeg   + . .     SustAb   .     (no shield)
rPois  +         Gourm    .     f - +2 hat {MR+}
rElec  +         Spirit   .     r - +2 cloak "Rijarunk" {rElec rN+ Int+2}
rCorr  .         Warding  .     D - +2 pair of gloves {archery}
rMut   +         Stasis   .     s - +2 pair of boots "Omumumn" {Str+2 Int+3 Slay+2 Stlth-}
MR     ++...                    o - amulet of resist mutation
Stlth  +.........               B - ring of poison resistance
                                V - ring of Robustness {AC+8}

@: very resistant to hostile enchantments, very unstealthy
A: breathe frost, unfitting armour, cold resistance 1, cold-blooded, AC +10
a: Breathe Frost, Heroism, Finesse, Renounce Religion
}: 2/15 runes: barnacled, gossamer


You were on level 3 of the Vaults.
You worshipped Okawaru.
Okawaru was exalted by your worship.
You were not hungry.

You visited 8 branches of the dungeon, and saw 42 of its levels.
You also visited: Sewer.

You collected 4374 gold pieces.
You spent 3020 gold pieces at shops.

Inventory:

Hand weapons
 P - a +4 longbow of flaming
 U - a +9 war axe of flaming (weapon)
Missiles
 m - 12 throwing nets (quivered)
 p - 82 arrows of flame
 x - 27 javelins of penetration
 E - 789 arrows
 O - 19 poisoned arrows
 Q - 26 arrows of frost
 W - 44 arrows of dispersal
Armour
 f - a +2 hat of magic resistance (worn)
 r - the +2 cloak "Rijarunk" (worn) {rElec rN+ Int+2}
   (Okawaru gifted it to you on level 4 of the Lair of Beasts)

   It affects your intelligence (+2).
   It insulates you from electricity.
   It protects you from negative energy.
 s - the +2 pair of boots "Omumumn" (worn) {Str+2 Int+3 Slay+2 Stlth-}
   (Okawaru gifted it to you on level 8 of the Lair of Beasts)

   It affects your strength (+2).
   It affects your intelligence (+3).
   It affects your accuracy and damage with ranged weapons and melee attacks
   (+2).
   It makes you less stealthy.
 D - a +2 pair of gloves of archery (worn)
Jewellery
 n - the ring of Finality {Wiz SInv}
   (You bought it in a shop on level 2 of the Vaults)

   [ring of wizardry]

   It improves your spell success rate.
   It enhances your eyesight.
 o - an amulet of resist mutation (around neck)
 u - the ring of Naxtion {+Blink +Inv rF- rN++ MP+9}
   (You found it on level 1 of the Elven Halls)

   [ring of magical power]

   It makes you vulnerable to fire.
   It greatly protects you from negative energy.
   It affects your magic capacity (+9).
   It lets you turn invisible.
   It lets you blink.
 w - an uncursed ring of protection from cold
 z - an uncursed ring of teleportation
 B - a ring of poison resistance (right hand)
 M - an uncursed ring of protection from fire
 V - the ring of Robustness (left hand) {AC+8}
   (You found it on level 12 of the Dungeon)

   [ring of protection]

   It affects your AC (+8).
 Z - the ring "Jeuves" {+Fly Str+3 Int+3 Dex+4}
   (You acquired it on level 4 of the Orcish Mines)

   [ring of intelligence]

   It affects your strength (+3).
   It affects your intelligence (+3).
   It affects your dexterity (+4).
   It lets you fly.
Magical devices
 e - a wand of paralysis (12)
 L - a wand of confusion (16)
 R - a wand of fire (9)
Scrolls
 d - 9 scrolls of fog
 i - 2 scrolls of fear
 j - 10 scrolls of teleportation
 y - 7 scrolls of remove curse
 F - 4 scrolls of summoning
 G - 3 scrolls of immolation
 H - 5 scrolls of magic mapping
 J - 3 scrolls of recharging
 N - 3 scrolls of blinking
 S - a scroll of amnesia
 X - 7 scrolls of identify
Potions
 b - 6 potions of curing
 h - 3 potions of ambrosia
 k - a potion of agility
 q - 3 potions of magic
 t - 4 potions of heal wounds
 v - 2 potions of berserk rage
 C - 6 potions of flight
 I - 6 potions of brilliance
 K - 3 potions of haste
 Y - 4 potions of invisibility
Books
 g - a book of Callings

   Spells                             Type                      Level
   a - Summon Small Mammal            Summoning                    1
   b - Call Imp                       Summoning                    2
   c - Call Canine Familiar           Summoning                    3
   d - Summon Guardian Golem          Hexes/Summoning              4
   e - Summon Lightning Spire         Summoning/Air                4
   f - Summon Ice Beast               Ice/Summoning                4
Miscellaneous
 A - a phantom mirror
Comestibles
 a - 6 chunks of flesh
 c - 18 bread rations
 l - a meat ration


   Skills:
 - Level 20.4 Fighting
 - Level 17.5 Axes
 - Level 9.5 Bows
 - Level 4.7 Throwing
 + Level 12.9 Dodging
 - Level 1.7 Stealth
 - Level 10.2 Spellcasting
 - Level 11.8 Conjurations
 - Level 4.4 Fire Magic
 - Level 1.9 Air Magic
 - Level 6.8 Poison Magic
 - Level 8.2 Evocations


You had 8 spell levels left.
You knew the following spells:

 Your Spells              Type           Power        Failure   Level  Hunger
a - Sting                 Conj/Pois      ####         1%          1    None
b - Cure Poison           Pois           #####.....   1%          2    None
c - Conjure Flame         Conj/Fire      ######..     1%          3    None
d - Inner Flame           Hex/Fire       ###.....     8%          3    None
e - Sticky Flame          Conj/Fire      ######..     1%          4    None
f - Venom Bolt            Conj/Pois      ######....   3%          5    ####...
g - Mephitic Cloud        Conj/Pois/Air  #####...     1%          3    None
h - Fireball              Conj/Fire      ######....   6%          5    ####...
i - Iskenderun's Battles  Conj/Chrm      #####...     14%         5    ####...


Dungeon Overview and Level Annotations

Branches:
Dungeon (15/15)            Temple (1/1) D:7            Lair (8/8) D:9
 Shoals (5/5) Lair:5       Spider (5/5) Lair:4        Slime (0/6) Lair:8
    Orc (4/4) D:11            Elf (1/3) Orc:3        Vaults (3/5) D:14
  Crypt (0/3) Vaults:3     Depths (0/5) D:15

Altars:
Ashenzari
Cheibriados
Elyvilon
Fedhas
Gozag
Kikubaaqudgha
Nemelex Xobeh
Okawaru
Qazlal
Ru
Sif Muna
Trog
Yredelemnul
The Shining One
Beogh
Jiyva

Shops:
D:15 %}   Orc:4 *?:[   Shoals:4 [   Vaults:1 ?   Vaults:2 =

Annotations:
D:3 Econoterrorist's ghost, experienced HESk
Lair:6 exclusion: oklob plant


Innate Abilities, Weirdness & Mutations

You can breathe waves of freezing cold.
You can buffet flying creatures when you breathe cold.
Your icy white scales are hard (AC +10).
Your body does not fit into most forms of armour.
Your flesh is cold resistant.
Your cold-blooded metabolism reacts poorly to cold.


Message History

You slice the deep troll shaman!! You burn the deep troll shaman.
You kill the deep troll shaman!
Okawaru accepts your kill.
Drink which item? (? for menu, Esc to quit)
You feel much better.
The fire giant hits you with a great sword of flaming!!
* * * LOW HITPOINT WARNING * * *
The fire giant burns you.
* * * LOW HITPOINT WARNING * * *
You slash the fire giant!
You tail-slap the fire giant, but do no damage.
The fire giant is severely wounded.
The fire giant completely misses you.
Drink which item? (? for menu, Esc to quit)
You feel much better.
You slice the fire giant!!
The fire giant is almost dead.
The fire giant points at you and mumbles some strange words.
The fireball explodes!
The fireball engulfs you!
You die...

######'##########..#####
#......##.....'....
#......########....
#.....)##.....#..†.
#..(...##.....'....
#......##.....#....
#).....############
#))(...# #)@C...#
#.())..# #(###### ######
.(. ....!. .... ......
...(. .)... ..(.. .....
#+## #####


You could see a fire giant.

Vanquished Creatures
  Norris (Shoals:4)
  Saint Roka (Orc:4)
  Mara (Shoals:3)
  Nikola (Shoals:2)
  A kraken (Shoals:4)
  Rupert (Shoals:3)
  Agnes (Spider:3)
  Frances (Shoals:4)
  Ilsuiw (Shoals:5)
  Donald (Shoals:1)
  Wiglaf (Shoals:3)
  3 vault wardens
  Aizul (Shoals:5)
  Louise (D:15)
  2 orc warlords
  4 emperor scorpions
  2 fire giants (Vaults:3)
  6 ghost moths
  Gastronok (Lair:3)
  A ghoul (Vaults:3)
  3 very ugly things
  3 stone giants
  5 ironheart preservers
  The ghost of Antondotnet the Protected, a powerful DDFi of Gozag (D:15)
  A dire elephant (D:15)
  An ettin (Vaults:2)
  Snorg (Lair:3)
  3 fire dragons (Vaults:1)
  7 merfolk javelineers
  5 merfolk impalers
  Josephine (Orc:2)
  3 vault guards (Vaults:2)
  3 yaktaur captains
  Fannar (D:10)
  7 hydras
  A deep elf high priest (Elf:1)
  A great orb of eyes (Vaults:3)
  5 ogre magi
  9 centaur warriors
  Erica (Lair:3)
  9 merfolk aquamancers
  A catoblepas (D:15)
  3 merfolk avatars
  2 dancing weapons (D:14)
  2 satyrs
  A death yak (Lair:8)
  4 deep troll shamans
  7 orc high priests
  Nergalle (D:11)
  The ghost of inmateoo the Ducker, an experienced FoMo (D:8)
  An unseen horror (D:15)
  3 deep elf knights
  A shadow wraith (Vaults:3)
  11 sea snakes
  9 deep trolls
  10 ironbrand convokers
  A giant orange brain (Vaults:3)
  4 deep elf summoners (Elf:1)
  Erolcha (D:12)
  5 hill giants
  7 harpies
  A lindwurm (Lair:3)
  13 orc knights
  12 fauns
  2 deep elf conjurers (Elf:1)
  A swamp dragon (shapeshifter) (D:15)
  6 hornets
  8 orc sorcerers
  13 griffons
  37 wolf spiders
  15 orb spiders
  A salamander (D:15)
  2 moths of wrath
  A salamander (shapeshifter) (D:14)
  6 manticores
  9 elephants
  13 water nymphs
  33 ugly things
  11 cyclopes
  5 centaur zombies
  A sixfirhy (Orc:4)
  4 vault sentinels
  Maurice (D:11)
  A black mamba (Lair:7)
  Joseph (D:11)
  15 sirens
  2 torpor snails
  A spiny frog (shapeshifter) (Vaults:1)
  A storm dragon simulacrum (Vaults:1)
  16 spiny frogs
  12 yaktaurs
  8 komodo dragons
  16 demonic crawlers
  An efreet (D:14)
  A tengu conjurer (D:14)
  6 freezing wraiths
  2 polar bears
  8 deep elf priests (Elf:1)
  37 merfolk
  13 trolls
  36 jumping spiders
  Sonja (Orc:2)
  9 snapping turtles
  2 giant leeches (Lair:8)
  A raven (D:14)
  A trapdoor spider zombie (D:7)
  3 boulder beetles
  A raiju (shapeshifter) (Vaults:1)
  A jumping spider (shapeshifter) (Vaults:2)
  22 slime creatures
  11 two-headed ogres
  16 blink frogs
  A blink frog (shapeshifter) (Vaults:2)
  A vampire (D:14)
  A flying skull (Vaults:3)
  3 basilisks
  71 redbacks
  24 trapdoor spiders
  A spriggan (Lair:3)
  A tarantella (shapeshifter) (Vaults:2)
  8 hippogriffs
  7 deep elf magi
  7 wraiths
  25 tarantellas
  52 yaks
  A wyvern (D:11)
  2 shadows
  A steam dragon (Lair:4)
  13 water elementals
  6 deep elf fighters
  Grum (Orc:2)
  2 hungry ghosts
  A hippogriff (shapeshifter) (Vaults:1)
  30 vampire mosquitoes
  2 mottled dragons
  7 wargs
  18 wolves
  12 porcupines
  25 spiders
  5 ice beasts
  13 water moccasins
  A black bear (shapeshifter) (Vaults:2)
  2 eyes of draining
  68 orc warriors
  6 sky beasts
  3 wasps
  3 necrophages
  3 phantoms
  An ice beast (shapeshifter) (Vaults:1)
  4 black bears
  2 tengu (shapeshifter)
  31 centaurs
  8 boggarts
  A boring beetle (Lair:7)
  Duvessa (D:9)
  7 big kobolds
  34 giant frogs
  40 ogres
  15 crocodiles
  4 killer bees
  13 scorpions
  3 jellies
  20 wights
  11 electric eels
  4 giant frog zombies
  Dowan (D:9)
  3 goliath beetles
  14 hounds
  A wasp zombie (D:11)
  9 crimson imps
  5 centaur skeletons
  36 orc priests
  A giant frog skeleton (D:5)
  31 orc wizards
  3 hell rats (Elf:1)
  7 iguanas
  6 worker ants
  A killer bee zombie (D:10)
  11 sheep
  Ijyb (D:3)
  Jessica (D:2)
  A hound zombie (D:9)
  2 worker ant zombies
  Robin (D:4)
  4 gnolls (D:3)
  22 adders
  137 river rats
  3 shadow imps
  9 worms
  2 giant mites
  An orc skeleton (Orc:4)
  An adder skeleton (D:9)
  8 giant geckos
  6 oozes
  286 orcs
  3 ball pythons
  24 bats
  A bat skeleton (D:4)
  7 giant cockroaches
  32 goblins
  29 hobgoblins
  A jackal (shapeshifter) (Vaults:2)
  23 jackals
  50 kobolds
  4 giant newts
  2 giant spores
  5 orc zombies
  12 quokkas
  2 quokka zombies
  22 rats
  8 ballistomycetes
  A bush (Lair:7)
  A butterfly (Lair:1)
  12 fungi
  16 plants
2113 creatures vanquished.

Vanquished Creatures (collateral kills)
  4 hornets (Spider:5)
  An ugly thing (Vaults:2)
  2 wolf spiders (Spider:4)
  A jumping spider (Spider:5)
  2 redbacks
  A tarantella (Spider:2)
11 creatures vanquished.

Vanquished Creatures (others)
  An eldritch tentacle (Shoals:5)
  A wolf spider (Spider:4)
  A drowned soul (Shoals:5)
  A vault sentinel (Vaults:2)
  A raven (D:14)
  A wraith (D:15)
  An orc (D:7)
  71 eldritch tentacle segments (Shoals:5)
  16 fungi
  6 plants
  37 tentacles (Shoals:4)
  536 tentacle segments (Shoals:4)
673 creatures vanquished.

Grand Total: 2797 creatures vanquished

Notes
Turn   | Place    | Note
--------------------------------------------------------------
     0 | D:1      | BluebellGnoll, the Draconian Venom Mage, began the quest for the Orb.
     0 | D:1      | Reached XP level 1. HP: 14/14 MP: 3/3
   256 | D:1      | Reached XP level 2. HP: 8/20 MP: 0/5
   260 | D:1      | Learned a level 2 spell: Cure Poison
  1288 | D:1      | Reached XP level 3. HP: 26/26 MP: 5/8
  1332 | D:1      | Learned a level 3 spell: Mephitic Cloud
  1609 | D:2      | Noticed Jessica
  1625 | D:2      | Killed Jessica
  1625 | D:2      | Reached skill level 1 in Conjurations
  2089 | D:2      | Found a bloodstained altar of Trog.
  2113 | D:2      | Reached XP level 4. HP: 31/33 MP: 3/9
  2443 | D:2      | Reached skill level 1 in Air Magic
  2971 | D:3      | Noticed Econoterrorist's ghost (experienced HESk)
  3164 | D:3      | Noticed Ijyb
  3176 | D:3      | Killed Ijyb
  3723 | D:3      | Reached XP level 5. HP: 38/38 MP: 8/11
  4556 | D:4      | Noticed Robin
  4573 | D:4      | Reached skill level 1 in Fighting
  4595 | D:4      | Killed Robin
  5215 | D:4      | Reached XP level 6. HP: 47/51 MP: 9/13
  6235 | D:5      | Entered Level 5 of the Dungeon
  6436 | D:5      | Reached skill level 5 in Fighting
  6587 | D:5      | Your scales start taking on an icy white colour.
  6587 | D:5      | Gained mutation: Your flesh is cold resistant. [draconian maturity]
  6587 | D:5      | Reached XP level 7. HP: 61/61 MP: 9/15
  6861 | D:5      | Found a sparkling altar of Nemelex Xobeh.
  7600 | D:6      | Found a glowing drain.
  7613 | D:6      | Reached skill level 5 in Dodging
  7620 | Sewer    | Entered a sewer
  8604 | D:6      | Reached XP level 8. HP: 68/68 MP: 13/16
  9695 | D:7      | Reached skill level 6 in Fighting
 10386 | D:7      | Reached skill level 7 in Fighting
 10388 | D:7      | Reached skill level 8 in Fighting
 10469 | D:7      | Found a staircase to the Ecumenical Temple.
 10477 | Temple   | Entered the Ecumenical Temple
 10485 | Temple   | Became a worshipper of Warmaster Okawaru
 10500 | Temple   | Learned a level 5 spell: Venom Bolt
 11054 | D:7      | Reached XP level 9. HP: 82/82 MP: 3/18
 11556 | D:8      | Reached skill level 5 in Conjurations
 11575 | D:8      | Noticed inmateoo's ghost (experienced FoMo)
 11652 | D:7      | Acquired Okawaru's first power
 12442 | D:8      | Reached skill level 5 in Axes
 12566 | D:8      | Killed inmateoo's ghost
 12723 | D:8      | Found a sacrificial altar of Ru.
 13534 | D:8      | Reached XP level 10. HP: 56/89 MP: 19/19
 13969 | D:9      | Reached skill level 5 in Poison Magic
 14078 | D:9      | Found a staircase to the Lair.
 14290 | D:9      | Found a deep blue altar of Sif Muna.
 14572 | D:9      | Noticed Dowan
 14574 | D:9      | Noticed Duvessa
 14596 | D:9      | Killed Dowan
 14622 | D:9      | Killed Duvessa
 15296 | D:9      | Noticed a hill giant
 15324 | D:9      | Killed a hill giant
 15483 | Lair:1   | Entered Level 1 of the Lair of Beasts
 15763 | Lair:1   | Reached skill level 9 in Axes
 16903 | Lair:2   | Upgraded the game from 0.16-a0-4133-g472b14a to 0.17-a0-4-gb793c6d
 16949 | Lair:2   | Noticed a griffon
 16965 | Lair:2   | Killed a griffon
 16965 | Lair:2   | Reached skill level 10 in Axes
 16965 | Lair:2   | Reached XP level 11. HP: 70/95 MP: 9/20
 17778 | Lair:2   | Reached skill level 5 in Spellcasting
 18136 | Lair:3   | Noticed Snorg
 18354 | Lair:3   | Noticed Erica
 18445 | Lair:3   | Killed Erica
 18667 | Lair:3   | Killed Snorg
 18815 | Lair:3   | Received a gift from Okawaru
 19002 | Lair:3   | Noticed Gastronok
 19035 | Lair:3   | Killed Gastronok
 19035 | Lair:3   | Acquired Okawaru's second power
 19485 | Lair:2   | Noticed a four-headed hydra
 19491 | Lair:2   | Killed a four-headed hydra
 19491 | Lair:2   | Received a gift from Okawaru
 19491 | Lair:2   | Reached skill level 10 in Fighting
 19903 | Lair:2   | Reached skill level 11 in Fighting
 20153 | Lair:3   | Reached XP level 12. HP: 79/110 MP: 19/27
 20411 | Lair:3   | Noticed a lindwurm
 20546 | Lair:3   | Killed a lindwurm
 21136 | Lair:4   | Reached skill level 12 in Fighting
 21802 | Lair:3   | Reached skill level 13 in Fighting
 22272 | Lair:4   | Found a hole to the Spider Nest.
 22479 | D:10     | Entered Level 10 of the Dungeon
 22826 | D:10     | Noticed Fannar
 22827 | D:10     | Noticed Erolcha
 23345 | D:10     | Reached skill level 14 in Fighting
 23357 | D:10     | Received a gift from Okawaru
 23358 | D:10     | Got a warped hat {god gift}
 23417 | D:10     | Identified the +0 hat of the Known World {Regen+ MP+9 Str-4 Dex+3} (Okawaru gifted it to you on level 10 of the Dungeon)
 23578 | D:10     | Killed Fannar
 24878 | D:11     | Noticed Nergalle
 24878 | D:11     | Noticed Joseph
 25077 | D:11     | Killed Nergalle
 25077 | D:11     | Reached skill level 15 in Fighting
 25364 | D:11     | Noticed Maurice
 25390 | D:11     | Reached skill level 1 in Bows
 25395 | D:11     | Killed Maurice
 25533 | D:11     | Reached XP level 13. HP: 122/126 MP: 28/28
 25597 | D:11     | Killed Joseph
 25645 | D:11     | Found a staircase to the Orcish Mines.
 26790 | D:12     | Killed Erolcha
 27820 | D:13     | Received a gift from Okawaru
 29070 | D:13     | Reached skill level 5 in Bows
 29105 | D:13     | Learned a level 3 spell: Inner Flame
 29109 | D:13     | Learned a level 3 spell: Conjure Flame
 29114 | D:13     | Learned a level 4 spell: Sticky Flame
 29272 | D:13     | Reached skill level 1 in Fire Magic
 29374 | D:14     | Received a gift from Okawaru
 29969 | Lair:4   | Received a gift from Okawaru
 29970 | Lair:4   | Got a fine cloak {god gift}
 29989 | Lair:4   | Identified the +2 cloak "Rijarunk" {rElec rN+ Int+2} (Okawaru gifted it to you on level 4 of the Lair of Beasts)
 29996 | Lair:4   | Learned a level 5 spell: Fireball
 31715 | Lair:5   | Found a staircase to the Shoals.
 32006 | Lair:6   | Reached XP level 14. HP: 135/135 MP: 30/30
 32332 | Lair:6   | Reached XP level 15. HP: 141/141 MP: 26/31
 32680 | Lair:6   | Found a blossoming altar of Fedhas.
 34230 | Lair:8   | Entered Level 8 of the Lair of Beasts
 34897 | Lair:8   | Found a viscous altar of Jiyva.
 34898 | Lair:8   | Found a staircase to the Slime Pits.
 35303 | Lair:8   | Received a gift from Okawaru
 36012 | Lair:8   | Received a gift from Okawaru
 36013 | Lair:8   | Got a pair of fine boots {god gift}
 36026 | Lair:8   | Identified the +2 pair of boots "Omumumn" {Str+2 Int+3 Slay+2 Stlth-} (Okawaru gifted it to you on level 8 of the Lair of Beasts)
 36646 | Orc:1    | Entered Level 1 of the Orcish Mines
 36719 | Orc:1    | Found a roughly hewn altar of Beogh.
 36882 | Orc:2    | Noticed Grum
 36891 | Orc:2    | Killed Grum
 36954 | Orc:2    | Noticed Sonja
 36964 | Orc:2    | Killed Sonja
 37034 | Orc:2    | Noticed Josephine
 37068 | Orc:2    | Killed Josephine
 37905 | Orc:3    | Found a staircase to the Elven Halls.
 38327 | Orc:3    | Found a roughly hewn altar of Beogh.
 38477 | Orc:4    | Entered Level 4 of the Orcish Mines
 39470 | Orc:4    | Found a roughly hewn altar of Beogh.
 39490 | Orc:4    | Found Qiwikuaj's Antique Armour Boutique.
 39505 | Orc:4    | Found Thiy's Book Shop.
 40035 | Orc:4    | Noticed Saint Roka
 40570 | Orc:4    | Killed Saint Roka
 40570 | Orc:4    | Received a gift from Okawaru
 40616 | Orc:4    | Reached XP level 16. HP: 75/149 MP: 31/31
 40649 | Orc:4    | Found a roughly hewn altar of Beogh.
 40737 | Orc:4    | Found Prawnacs' General Store.
 40804 | Orc:4    | Found Thaddu Skywn's Magic Scroll Boutique.
 40861 | Orc:4    | Bought a scroll of brand weapon for 200 gold pieces
 40869 | Orc:4    | Bought a scroll of teleportation for 30 gold pieces
 40869 | Orc:4    | Bought a scroll of fear for 35 gold pieces
 40869 | Orc:4    | Bought a scroll of remove curse for 30 gold pieces
 40869 | Orc:4    | Bought a scroll of fog for 20 gold pieces
 40869 | Orc:4    | Bought a scroll of remove curse for 30 gold pieces
 40869 | Orc:4    | Bought a scroll of identify for 20 gold pieces
 40869 | Orc:4    | Bought a scroll of magic mapping for 35 gold pieces
 40869 | Orc:4    | Bought a scroll of immolation for 35 gold pieces
 41054 | Orc:4    | Bought 7 curare-tipped needles for 46 gold pieces
 41054 | Orc:4    | Bought a scroll of fear for 38 gold pieces
 41061 | Orc:4    | Bought a scroll of acquirement for 572 gold pieces
 41063 | Orc:4    | Got an ancient golden ring
 41065 | Orc:4    | Identified the ring "Jeuves" {+Fly Str+3 Int+3 Dex+4} (You acquired it on level 4 of the Orcish Mines)
 42486 | Shoals:1 | Entered Level 1 of the Shoals
 42844 | Shoals:1 | Got a faintly glowing longbow
 43268 | Shoals:1 | Identified the cursed -2 longbow of Fefallimp {freeze, rF+ Str+2} (You found it on level 1 of the Shoals)
 43410 | Shoals:1 | Reached skill level 10 in Dodging
 43815 | Lair:5   | Upgraded the game from 0.17-a0-4-gb793c6d to 0.17-a0-15-g0155121
 43920 | Lair:2   | Learned a level 5 spell: Iskenderun's Battlesphere
 44083 | D:10     | Reached skill level 1 in Throwing
 44250 | D:14     | Noticed a red very ugly thing
 44261 | D:14     | Killed a red very ugly thing
 44261 | D:14     | Received a gift from Okawaru
 44268 | D:14     | HP: 1/149 [orc knight/great mace (23)]
 44966 | D:14     | Found a gate to the Vaults.
 45023 | D:14     | Found a glowing golden altar of the Shining One.
 45227 | D:14     | Received a gift from Okawaru
 45736 | D:15     | Entered Level 15 of the Dungeon
 45798 | D:15     | Noticed Louise
 45819 | D:15     | Noticed Antondotnet's ghost (powerful DDFi)
 45830 | D:15     | Killed Louise
 46330 | D:15     | Killed Antondotnet's ghost
 46330 | D:15     | Received a gift from Okawaru
 46807 | D:15     | Found Ceelug's Quality Used Wands.
 46827 | D:15     | Bought a wand of invisibility (0) for 44 gold pieces
 46899 | D:15     | Found Iqovet's Food Shoppe.
 47120 | D:15     | Found a staircase to the Depths.
 47130 | D:15     | Reached skill level 10 in Spellcasting
 47378 | Elf:1    | Entered Level 1 of the Elven Halls
 48475 | Elf:1    | Got a vibrating steel ring
 48477 | Elf:1    | Identified the ring of Naxtion {+Blink +Inv rF- rN++ MP+9} (You found it on level 1 of the Elven Halls)
 48932 | Spider:1 | Entered Level 1 of the Spider Nest
 48945 | Spider:1 | Reached XP level 17. HP: 156/156 MP: 24/34
 49196 | Spider:1 | Received a gift from Okawaru
 50743 | Spider:2 | Received a gift from Okawaru
 51361 | Spider:2 | Reached skill level 10 in Conjurations
 51368 | Spider:2 | Received a gift from Okawaru
 51932 | Spider:3 | Noticed Agnes
 51938 | Spider:3 | Killed Agnes
 53041 | Spider:4 | Received a gift from Okawaru
 55129 | Spider:4 | Reached skill level 16 in Fighting
 55588 | Spider:5 | Entered Level 5 of the Spider Nest
 56122 | Spider:5 | Received a gift from Okawaru
 56920 | Spider:5 | Reached skill level 17 in Fighting
 57134 | Spider:5 | Reached XP level 18. HP: 103/170 MP: 11/35
 57550 | Spider:5 | Received a gift from Okawaru
 58644 | Spider:5 | Received a gift from Okawaru
 58644 | Spider:5 | Reached skill level 18 in Fighting
 59108 | Spider:5 | Got a gossamer rune of Zot
 60007 | Shoals:1 | Noticed Donald
 60046 | Shoals:1 | Killed Donald
 60120 | Shoals:2 | Noticed Nikola
 60143 | Shoals:2 | Killed Nikola
 60143 | Shoals:2 | Reached skill level 1 in Evocations
 60200 | Shoals:2 | Reached skill level 15 in Axes
 60297 | Shoals:2 | Received a gift from Okawaru
 60704 | Shoals:3 | Received a gift from Okawaru
 60889 | Shoals:3 | Noticed Rupert
 60889 | Shoals:3 | Noticed Mara
 60897 | Shoals:3 | Noticed Wiglaf
 60947 | Shoals:3 | Killed Wiglaf
 61208 | Shoals:3 | Killed Rupert
 61422 | Shoals:3 | Noticed BluebellGnoll's illusion
 61818 | Shoals:3 | Killed Mara
 62285 | Shoals:4 | Found Prah's Antique Armour Emporium.
 62490 | Shoals:1 | Reached skill level 5 in Evocations
 62729 | Lair:2   | Upgraded the game from 0.17-a0-15-g0155121 to 0.17-a0-18-gc25b939
 63344 | Shoals:4 | Noticed Norris
 63372 | Shoals:4 | Killed Norris
 63433 | Shoals:4 | Noticed Frances
 63951 | Shoals:4 | Killed Frances
 63951 | Shoals:4 | Received a gift from Okawaru
 64713 | Shoals:5 | Entered Level 5 of the Shoals
 64724 | Shoals:5 | Noticed Aizul
 64798 | Shoals:5 | Killed Aizul
 65278 | Shoals:5 | Reached XP level 19. HP: 167/180 MP: 23/35
 65660 | Shoals:5 | Received a gift from Okawaru
 66226 | Shoals:5 | Received a gift from Okawaru
 67034 | Shoals:5 | Noticed Ilsuiw
 67054 | Shoals:5 | Killed Ilsuiw
 67199 | Shoals:5 | Got a barnacled rune of Zot
 68122 | Vaults:1 | Entered Level 1 of the Vaults
 69155 | Vaults:1 | Got a warped hand crossbow
 69255 | Vaults:1 | Reached skill level 19 in Fighting
 69798 | Vaults:1 | Found Qulamoinio's Magic Scroll Emporium.
 69807 | Vaults:1 | Bought a scroll of enchant weapon for 120 gold pieces
 69807 | Vaults:1 | Bought a scroll of magic mapping for 56 gold pieces
 69807 | Vaults:1 | Bought a scroll of fog for 32 gold pieces
 69807 | Vaults:1 | Bought a scroll of fog for 32 gold pieces
 69807 | Vaults:1 | Bought a scroll of identify for 32 gold pieces
 69807 | Vaults:1 | Bought a scroll of amnesia for 56 gold pieces
 69807 | Vaults:1 | Bought a scroll of enchant armour for 120 gold pieces
 69807 | Vaults:1 | Bought a scroll of teleportation for 48 gold pieces
 69807 | Vaults:1 | Bought a scroll of enchant armour for 120 gold pieces
 69807 | Vaults:1 | Bought a scroll of fog for 32 gold pieces
 69807 | Vaults:1 | Bought a scroll of summoning for 152 gold pieces
 70050 | Vaults:2 | Found Twozor's Jewellery Shoppe.
 70055 | Vaults:2 | Bought the ring of Finality {Wiz SInv} for 453 gold pieces
 70064 | Vaults:2 | Found Qyve's Magic Scroll Shoppe.
 70084 | Vaults:2 | Bought a scroll of identify for 32 gold pieces
 70084 | Vaults:2 | Bought a scroll of enchant weapon for 120 gold pieces
 70084 | Vaults:2 | Bought a scroll of identify for 32 gold pieces
 70084 | Vaults:2 | Bought a scroll of identify for 32 gold pieces
 70084 | Vaults:2 | Bought a scroll of amnesia for 56 gold pieces
 70084 | Vaults:2 | Bought a scroll of amnesia for 56 gold pieces
 70084 | Vaults:2 | Bought a scroll of enchant armour for 120 gold pieces
 70084 | Vaults:2 | Bought a scroll of enchant weapon for 120 gold pieces
 70084 | Vaults:2 | Bought a scroll of identify for 32 gold pieces
 70084 | Vaults:2 | Bought a scroll of identify for 32 gold pieces
 70313 | Vaults:2 | Received a gift from Okawaru
 70677 | Vaults:2 | Received a gift from Okawaru
 70682 | Vaults:2 | Reached skill level 20 in Fighting
 71491 | Vaults:2 | Received a gift from Okawaru
 71799 | Vaults:2 | Received a gift from Okawaru
 71978 | Vaults:2 | Reached XP level 20. HP: 177/195 MP: 34/36
 72957 | Vaults:3 | Received a gift from Okawaru
 73512 | Vaults:3 | Found a staircase to the Crypt.
 73925 | Vaults:3 | Received a gift from Okawaru
 74162 | Vaults:3 | Received a gift from Okawaru
 74179 | Vaults:3 | Killed from afar by a fire giant

Action                   |  1- 3 |  4- 6 |  7- 9 | 10-12 | 13-15 | 16-18 | 19-21 || total
-------------------------+-------+-------+-------+-------+-------+-------+-------++-------
Melee: Short sword       |     9 |       |       |       |       |       |       ||     9
       Club              |    32 |     1 |       |       |       |       |       ||    33
       Whip              |       |    14 |       |       |       |       |       ||    14
       Spear             |       |    24 |       |       |       |       |       ||    24
       Hand axe          |       |    53 |   242 |  1197 |    63 |       |       ||  1555
       Dagger            |       |       |    29 |       |       |       |       ||    29
       War axe           |       |       |       |       |  1116 |  1313 |   613 ||  3042
       Battleaxe         |       |       |       |       |       |    13 |       ||    13
       Longbow           |       |       |       |       |       |     1 |       ||     1
 Fire: Hunting sling     |       |    10 |    48 |     5 |       |       |       ||    63
       Blowgun           |       |       |       |    12 |       |       |       ||    12
       Shortbow          |       |       |       |   128 |   690 |       |       ||   818
       Longbow           |       |       |       |       |     9 |   974 |   554 ||  1537
Throw: Stone             |       |     5 |    38 |    53 |    14 |       |       ||   110
       Tomahawk          |       |       |     4 |     5 |       |       |       ||     9
       Throwing net      |       |       |       |       |       |    16 |       ||    16
 Cast: Sting             |    75 |   166 |   304 |   384 |    39 |     1 |       ||   969
       Mephitic Cloud    |       |     4 |    28 |    59 |   107 |   214 |   135 ||   547
       Cure Poison       |       |     3 |       |     3 |     2 |    15 |     1 ||    24
       Venom Bolt        |       |       |       |    61 |    29 |    20 |     1 ||   111
       Fireball          |       |       |       |       |    12 |    22 |     8 ||    42
       Sticky Flame      |       |       |       |       |       |       |     1 ||     1
Invok: Heroism           |       |       |       |     6 |     5 |    14 |     1 ||    26
       Finesse           |       |       |       |       |       |     3 |     1 ||     4
 Abil: Evoke Flight      |       |       |       |       |     1 |    46 |     9 ||    56
Evoke: Wand              |       |     3 |    10 |     7 |     6 |     9 |     3 ||    38
  Use: Scroll            |       |    15 |     6 |     7 |    15 |    22 |    11 ||    76
       Potion            |       |       |     3 |     4 |     1 |    16 |     3 ||    27
 Stab: Sleeping          |     1 |       |       |     7 |     2 |       |       ||    10
       Confused          |       |     1 |     2 |    19 |    20 |    58 |    39 ||   139
       Distracted        |       |       |       |       |     1 |     1 |       ||     2
       Fleeing           |       |       |       |       |     1 |       |       ||     1
       Held in net/web   |       |       |       |       |       |     8 |       ||     8
       Invisible         |       |       |       |       |       |     5 |       ||     5
       Paralysed         |       |       |       |       |       |       |     3 ||     3
  Eat: Chunk             |     3 |    14 |    24 |    51 |    54 |    64 |    29 ||   239
       Fruit             |       |       |     2 |     6 |       |     4 |       ||    12
       Beef jerky        |       |       |       |     2 |     2 |     1 |       ||     5
       Pizza             |       |       |       |       |     2 |     2 |       ||     4
       Bread ration      |       |       |       |       |       |     5 |       ||     5
       Royal jelly       |       |       |       |       |       |       |     1 ||     1
